Ste. Rose Royals vs Espoo Blues
Created - Sunday, March 19, 2023 at 08:34
Goals
|
| Ste. Rose Royals |
1 |
3 |
0 |
4 |
| Espoo Blues |
1 |
0 |
0 |
1 |
|
Shots
|
| Ste. Rose Royals |
15 |
8 |
10 |
33 |
| Espoo Blues |
8 |
5 |
9 |
22 |
|
1st period
1. Ste. Rose Royals , Noel Acciari 8 (Joel Armia 6, Mike Reilly 4) at 5:29 (PP)
2. Espoo Blues , Derek Grant 3 (Urho Vaakanainen 1, Stefan Noesen 5) at 10:00
Penalties :
Urho Vaakanainen (ESP) for High sticking (Minor) at 1:34, Stefan Noesen (ESP) for Roughing (Minor) at 5:16, Mattias Samuelsson (ESP) for Holding (Minor) at 15:08
2nd period
3. Ste. Rose Royals , Grigori Denisenko 1 (Brendan Perlini 1, Noel Acciari 5) at 1:14
4. Ste. Rose Royals , Mike Reilly 3 (Joel Armia 7, Noel Acciari 6) at 7:16 (PP)
5. Ste. Rose Royals , Derek Ryan 3 (Kaapo Kakko 6) at 18:39
Penalties :
Mike Reilly (BWK) for High sticking (Minor) at 2:51, Anton Blidh (ESP) for Holding (Minor) at 5:51
3rd period
No Goal
Penalties :
Mattias Samuelsson (ESP) for Cross-checking (Minor) at 2:24, Derick Brassard (ESP) for Hooking (Minor) at 9:41
Goalie Stats
Chris Driedger (BWK), 21 saves from 22 shots - (0.955), W, 5-1-0, 60:00 minutes
Spencer Knight (ESP), 29 saves from 33 shots - (0.879), L, 3-1-0, 60:00 minutes
Players Stats for Ste. Rose Royals
Player Name G A P +/- PIM S H SB GA TA FO MP PP MP PK MP
------------------------------------------------------------------------------------
Brendan Perlini 0 1 1 0 0 1 1 0 0 0 0/0 7:36 0:09 0:16
Colin Blackwell 0 0 0 1 0 0 2 0 1 1 0/0 19:32 4:11 0:00
Derek Ryan 1 0 1 1 0 1 0 1 0 0 4/13 20:08 4:11 0:36
Greg Pateryn 0 0 0 0 0 0 1 2 1 1 0/0 20:36 4:25 0:41
Grigori Denisenko 1 0 1 0 0 1 0 0 0 0 0/0 5:59 0:00 0:00
Jaycob Megna 0 0 0 0 0 2 2 1 0 1 0/0 25:34 5:09 1:10
Joel Armia 0 2 2 0 0 3 0 0 1 1 0/0 20:49 5:12 0:36
Joel Hanley 0 0 0 1 0 0 0 1 0 1 0/0 13:00 0:00 1:10
Kaapo Kakko 0 1 1 1 0 3 0 0 1 0 0/0 20:07 4:13 0:00
Klim Kostin 0 0 0 0 0 0 2 0 1 1 0/0 11:13 0:00 0:00
Kristian Vesalainen 0 0 0 0 0 1 0 0 0 0 1/2 5:07 0:19 0:00
Mark Borowiecki 0 0 0 0 0 1 4 1 0 1 0/0 20:46 4:25 0:49
Matthew Peca 0 0 0 0 0 4 0 0 0 0 4/5 12:33 0:11 0:00
Mike Reilly 1 1 2 0 2 1 2 2 2 0 0/0 25:24 5:09 0:00
Nathan Beaulieu 0 0 0 1 0 0 0 2 1 0 0/0 12:59 0:00 0:08
Noel Acciari 1 2 3 0 0 7 2 1 1 1 16/29 23:30 5:04 0:59
Ryan Poehling 0 0 0 0 0 3 0 0 0 0 0/0 11:52 0:00 0:31
Trevor Lewis 0 0 0 0 0 5 1 1 0 0 1/3 21:15 5:12 1:00
Players Stats for Espoo Blues
Player Name G A P +/- PIM S H SB GA TA FO MP PP MP PK MP
------------------------------------------------------------------------------------
Anton Blidh 0 0 0 -1 2 0 3 0 0 0 0/0 12:08 0:00 0:00
Brendan Lemieux 0 0 0 1 0 3 4 0 0 0 2/2 14:18 0:56 0:00
Cam York 0 0 0 -1 0 0 0 4 0 1 0/0 21:09 0:58 4:16
Chad Ruhwedel 0 0 0 -1 0 2 1 1 0 2 0/0 20:43 0:58 4:30
Derek Grant 1 0 1 1 0 2 0 1 1 0 10/22 19:37 0:56 5:19
Derick Brassard 0 0 0 0 2 7 3 0 1 0 8/12 18:31 1:03 3:07
Fredrik Karlstrom 0 0 0 -1 0 0 3 0 0 0 2/6 14:13 0:00 0:57
Gavin Bayreuther 0 0 0 1 0 0 1 0 1 1 0/0 14:17 0:00 0:51
Joe Snively 0 0 0 0 0 0 0 0 2 0 1/2 16:33 1:03 0:20
Logan O'Connor 0 0 0 0 0 3 3 2 1 1 0/2 20:15 0:00 5:18
Mattias Janmark 0 0 0 0 0 0 0 1 0 0 1/1 4:12 0:00 4:07
Mattias Samuelsson 0 0 0 -1 4 1 2 1 0 0 0/0 25:02 1:01 3:17
Michael Stone 0 0 0 -1 0 0 1 1 1 3 0/0 25:11 1:01 5:04
Patric Hornqvist 0 0 0 -1 0 2 4 1 1 0 0/0 13:06 0:56 0:00
Ridly Greig 0 0 0 -1 0 0 0 0 0 0 0/0 8:00 0:00 0:00
Stefan Noesen 0 1 1 0 2 1 2 1 0 0 1/2 20:26 1:03 0:00
Urho Vaakanainen 0 1 1 1 2 1 0 1 0 0 0/0 14:39 0:00 1:10
Viktor Lodin 0 0 0 -1 0 0 0 0 0 1 1/3 8:00 0:00 0:00
3 Stars
1 - Noel Acciari (BWK)
2 - Mike Reilly (BWK)
3 - Derek Ryan (BWK)
Power Play
Ste. Rose Royals - 2 on 6 Attempt(s) - 33.33%
Espoo Blues - 0 on 1 Attempt(s) - 0.00%
Penalty Kill
Ste. Rose Royals - 1 on 1 Attempt(s) - 100.00%
- Score 0 goal in Penalty Kill
Espoo Blues - 4 on 6 Attempt(s) - 66.67%
- Score 0 goal in Penalty Kill
Team Stat
Ste. Rose Royals - Hits : 17 - Faceoff Wins : 26 - Blocked Shots : 12 - Penalty Minutes : 2
Espoo Blues - Hits : 27 - Faceoff Wins : 26 - Blocked Shots : 14 - Penalty Minutes : 12
Official
Referees : Garrett Rank and Greg Kimmerly
Linesman : Brian Mach and Andy McElman
Game Notes
No Game Note
Ste. Rose Royals
5 vs 5 Forward
Center Left Wing Right Wing Time % Phy DF OF
1 Noel Acciari Joel Armia Trevor Lewis 40 1 2 2
2 Derek Ryan Colin Blackwell Kaapo Kakko 30 1 2 2
3 Matthew Peca Ryan Poehling Klim Kostin 20 1 2 2
4 Noel Acciari Brendan Perlini Grigori Denisenko 10 1 2 2
5 vs 5 Defense
Defense Defense Time % Phy DF OF
1 Jaycob Megna Mike Reilly 40 1 2 2
2 Mark Borowiecki Greg Pateryn 30 1 2 2
3 Nathan Beaulieu Joel Hanley 20 1 2 2
4 Jaycob Megna Mike Reilly 10 1 2 2
PowerPlay Forward
Center Left Wing Right Wing Time % Phy DF OF
1 Noel Acciari Joel Armia Trevor Lewis 60 1 2 2
2 Derek Ryan Colin Blackwell Kaapo Kakko 40 1 2 2
PowerPlay Defense
Defense Defense Time % Phy DF OF
1 Jaycob Megna Mike Reilly 60 1 2 2
2 Mark Borowiecki Greg Pateryn 40 1 2 2
Penalty Kill 4 Players Forward
Center Wing Time % Phy DF OF
1 Noel Acciari Trevor Lewis 60 1 2 2
2 Derek Ryan Joel Armia 40 1 2 2
Penalty Kill 4 Players Defense
Defense Defense Time % Phy DF OF
1 Jaycob Megna Mike Reilly 60 1 2 2
2 Mark Borowiecki Greg Pateryn 40 1 2 2
Penalty Kill - 3 Players Forward
Forward Time % Phy DF OF
1 Noel Acciari 60 1 2 2
2 Trevor Lewis 40 1 2 2
Penalty Kill - 3 Players Defense
Defense Defense Time % Phy DF OF
1 Jaycob Megna Mike Reilly 60 1 2 2
2 Mark Borowiecki Greg Pateryn 40 1 2 2
4 vs 4 Forward
Center Wing Time % Phy DF OF
1 Noel Acciari Trevor Lewis 60 1 2 2
2 Derek Ryan Joel Armia 40 1 2 2
4 vs 4 Defense
Defense Defense Time % Phy DF OF
1 Jaycob Megna Mike Reilly 60 1 2 2
2 Mark Borowiecki Greg Pateryn 40 1 2 2
Last Minutes Offensive
Center Left Wing Right Wing Defense Defense
Noel Acciari Joel Armia Trevor Lewis Jaycob Megna Mike Reilly
Last Minutes Defensive
Center Left Wing Right Wing Defense Defense
Noel Acciari Joel Armia Trevor Lewis Jaycob Megna Mike Reilly
Goaltenders
Starting : Chris Driedger
Backup : Pavel Francouz
Extra Forwards
Normal : Kristian Vesalainen, Matthew Peca, Ryan Poehling - PP : Kristian Vesalainen, Matthew Peca - PK : Ryan Poehling
Extra Defensemen
Normal : Nathan Beaulieu, Joel Hanley, Mark Borowiecki - PP : Nathan Beaulieu - PK : Joel Hanley, Mark Borowiecki
Penalty Shots
Noel Acciari, Trevor Lewis, Derek Ryan, Joel Armia, Kaapo Kakko
Espoo Blues
5 vs 5 Forward
Center Left Wing Right Wing Time % Phy DF OF
1 Derick Brassard Joe Snively Logan O'Connor 37 1 1 2
2 Derek Grant Brendan Lemieux Stefan Noesen 36 1 2 2
3 Fredrik Karlstrom Anton Blidh Patric Hornqvist 22 1 2 2
4 Viktor Lodin Ridly Greig Stefan Noesen 5 1 2 2
5 vs 5 Defense
Defense Defense Time % Phy DF OF
1 Mattias Samuelsson Michael Stone 41 1 2 2
2 Chad Ruhwedel Cam York 32 1 2 2
3 Urho Vaakanainen Gavin Bayreuther 20 1 2 2
4 Mattias Samuelsson Cam York 7 1 2 2
PowerPlay Forward
Center Left Wing Right Wing Time % Phy DF OF
1 Derick Brassard Joe Snively Stefan Noesen 62 1 2 2
2 Derek Grant Brendan Lemieux Patric Hornqvist 38 1 2 2
PowerPlay Defense
Defense Defense Time % Phy DF OF
1 Mattias Samuelsson Michael Stone 60 1 2 2
2 Chad Ruhwedel Cam York 40 1 2 2
Penalty Kill 4 Players Forward
Center Wing Time % Phy DF OF
1 Derek Grant Logan O'Connor 60 1 2 2
2 Derick Brassard Mattias Janmark 40 1 2 2
Penalty Kill 4 Players Defense
Defense Defense Time % Phy DF OF
1 Mattias Samuelsson Michael Stone 60 1 2 2
2 Chad Ruhwedel Cam York 40 1 2 2
Penalty Kill - 3 Players Forward
Forward Time % Phy DF OF
1 Derek Grant 60 1 2 2
2 Derick Brassard 40 1 2 2
Penalty Kill - 3 Players Defense
Defense Defense Time % Phy DF OF
1 Mattias Samuelsson Michael Stone 60 1 2 2
2 Chad Ruhwedel Cam York 40 1 2 2
4 vs 4 Forward
Center Wing Time % Phy DF OF
1 Derek Grant Stefan Noesen 60 1 2 2
2 Derick Brassard Joe Snively 40 1 2 2
4 vs 4 Defense
Defense Defense Time % Phy DF OF
1 Mattias Samuelsson Michael Stone 60 1 2 2
2 Chad Ruhwedel Cam York 40 1 2 2
Last Minutes Offensive
Center Left Wing Right Wing Defense Defense
Derek Grant Joe Snively Stefan Noesen Mattias Samuelsson Michael Stone
Last Minutes Defensive
Center Left Wing Right Wing Defense Defense
Derek Grant Derick Brassard Logan O'Connor Mattias Samuelsson Michael Stone
Goaltenders
Starting : Spencer Knight
Backup : Stuart Skinner
Extra Forwards
Normal : Stefan Noesen, Joe Snively, Derick Brassard - PP : Stefan Noesen, Joe Snively - PK : Logan O'Connor
Extra Defensemen
Normal : Cam York, Mattias Samuelsson, Michael Stone - PP : Michael Stone - PK : Urho Vaakanainen, Gavin Bayreuther
Penalty Shots
Stefan Noesen, Patric Hornqvist, Joe Snively, Brendan Lemieux, Viktor Lodin
% Time on Ice - Ste. Rose Royals
Lines # - Real PCT - Wanted PCT - Time Play
Normal Forward
1 - 33% - 40% - 16:02
2 - 32% - 30% - 15:31
3 - 23% - 20% - 11:13
4 - 12% - 10% - 5:41
Normal Defense
1 - 40% - 40% - 19:16
2 - 32% - 30% - 15:30
3 - 24% - 20% - 11:50
4 - 4% - 10% - 1:51
PP Forward
1 - 56% - 60% - 5:21
2 - 44% - 40% - 4:13
PP Defense
1 - 54% - 60% - 5:09
2 - 46% - 40% - 4:25
PK Forward
1 - 70% - 60% - 1:23
2 - 30% - 40% - 0:36
PK Defense
1 - 66% - 60% - 1:18
2 - 34% - 40% - 0:41
PK3 Forward
1 - 0% - 60%
2 - 0% - 40%
PK3 Defense
1 - 0% - 60%
2 - 0% - 40%
44 Forward
1 - 0% - 60%
2 - 0% - 40%
44 Defense
1 - 0% - 60%
2 - 0% - 40%
Last Minute Offensive - 0:00
Last Minute Defensive - 0:00
Total
Forward - 60:00
Defense - 60:00
|
% Time on Ice - Espoo Blues
Lines # - Real PCT - Wanted PCT - Time Play
Normal Forward
1 - 31% - 37% - 14:56
2 - 28% - 36% - 13:22
3 - 25% - 22% - 12:09
4 - 17% - 5% - 8:00
Normal Defense
1 - 39% - 41% - 19:07
2 - 31% - 32% - 15:14
3 - 28% - 20% - 13:26
4 - 1% - 7% - 0:40
PP Forward
1 - 53% - 62% - 1:03
2 - 47% - 38% - 0:56
PP Defense
1 - 51% - 60% - 1:01
2 - 49% - 40% - 0:58
PK Forward
1 - 72% - 60% - 6:52
2 - 28% - 40% - 2:42
PK Defense
1 - 57% - 60% - 5:29
2 - 43% - 40% - 4:05
PK3 Forward
1 - 0% - 60%
2 - 0% - 40%
PK3 Defense
1 - 0% - 60%
2 - 0% - 40%
44 Forward
1 - 0% - 60%
2 - 0% - 40%
44 Defense
1 - 0% - 60%
2 - 0% - 40%
Last Minute Offensive - 0:00
Last Minute Defensive - 0:00
Total
Forward - 60:00
Defense - 60:00
|
Play-by-Play
1st period
0:01 of 1st period - Derick Brassard wins face-off versus Noel Acciari in neutral zone.
0:26 of 1st period - Derek Grant is hit by Mike Reilly and loses puck.
0:35 of 1st period - Wrist shot by Brendan Lemieux.
0:35 of 1st period - Stopped by Chris Driedger with a rebound.
0:45 of 1st period - Snap shot by Ryan Poehling.
0:45 of 1st period - Stopped by Spencer Knight with a rebound.
1:06 of 1st period - Slapshot by Stefan Noesen.
1:06 of 1st period - Stopped by Chris Driedger with a rebound.
1:08 of 1st period - Snap shot by Viktor Lodin.
1:08 of 1st period - Shot Blocked by Noel Acciari.
1:10 of 1st period - Slapshot by Chad Ruhwedel.
1:10 of 1st period - Stopped by Chris Driedger with a rebound.
1:24 of 1st period - Wrist shot by Derick Brassard.
1:24 of 1st period - Shot Misses the Net.
1:34 of 1st period - Minor Penalty to Urho Vaakanainen for High sticking.
1:35 of 1st period - Noel Acciari wins face-off versus Derek Grant in Espoo Blues zone.
1:47 of 1st period - Off-side.
1:48 of 1st period - Noel Acciari wins face-off versus Derek Grant in neutral zone.
2:03 of 1st period - Snap shot by Noel Acciari.
2:03 of 1st period - Stopped by Spencer Knight without a rebound.
2:04 of 1st period - Derick Brassard wins face-off versus Derek Ryan in Espoo Blues zone.
2:09 of 1st period - Snap shot by Derick Brassard.
2:09 of 1st period - Stopped by Chris Driedger with a rebound.
3:14 of 1st period - Joel Armia is hit by Derick Brassard and loses puck.
3:34 of 1st period - Penalty to Urho Vaakanainen is over, Urho Vaakanainen is back on ice.
3:49 of 1st period - Snap shot by Patric Hornqvist.
3:49 of 1st period - Stopped by Chris Driedger without a rebound.
3:50 of 1st period - Matthew Peca wins face-off versus Fredrik Karlstrom in Ste. Rose Royals zone.
3:50 of 1st period - Matthew Peca is hit by Gavin Bayreuther.
4:16 of 1st period - Urho Vaakanainen is hit by Colin Blackwell and loses puck.
5:09 of 1st period - Backhand shot by Derek Grant.
5:09 of 1st period - Stopped by Chris Driedger with a rebound.
5:16 of 1st period - Minor Penalty to Stefan Noesen for Roughing.
5:17 of 1st period - Derek Grant wins face-off versus Noel Acciari in Espoo Blues zone.
5:27 of 1st period - Wrist shot by Joel Armia.
5:27 of 1st period - Deflect By Noel Acciari.
5:27 of 1st period - Stopped by Spencer Knight with a rebound.
5:29 of 1st period - Wrist shot by Noel Acciari.
5:29 of 1st period - Goal by Noel Acciari - Ste. Rose Royals : 1 - Espoo Blues : 0.
5:30 of 1st period - Trevor Lewis wins face-off versus Stefan Noesen in neutral zone.
6:01 of 1st period - Derek Ryan is hit by Logan O'Connor and loses puck.
6:10 of 1st period - Snap shot by Logan O'Connor.
6:10 of 1st period - Deflect By Derick Brassard.
6:10 of 1st period - Shot Misses the Net.
6:10 of 1st period - Puck is out of play.
6:11 of 1st period - Derick Brassard wins face-off versus Matthew Peca in Ste. Rose Royals zone.
6:38 of 1st period - Noel Acciari is hit by Stefan Noesen and loses puck.
6:47 of 1st period - Snap shot by Noel Acciari.
6:47 of 1st period - Stopped by Spencer Knight with a rebound.
7:09 of 1st period - Wrist shot by Patric Hornqvist.
7:09 of 1st period - Shot Misses the Net.
7:11 of 1st period - Slapshot by Gavin Bayreuther.
7:11 of 1st period - Shot Misses the Net.
7:20 of 1st period - Off-side.
7:21 of 1st period - Matthew Peca wins face-off versus Viktor Lodin in neutral zone.
7:53 of 1st period - Snap shot by Kaapo Kakko.
7:53 of 1st period - Stopped by Spencer Knight with a rebound.
7:55 of 1st period - Wrist shot by Derek Ryan.
7:55 of 1st period - Shot Misses the Net.
8:09 of 1st period - Snap shot by Joel Armia.
8:09 of 1st period - Stopped by Spencer Knight without a rebound.
8:10 of 1st period - Derick Brassard wins face-off versus Noel Acciari in Espoo Blues zone.
8:19 of 1st period - Snap shot by Noel Acciari.
8:19 of 1st period - Stopped by Spencer Knight with a rebound.
8:21 of 1st period - Slapshot by Jaycob Megna.
8:21 of 1st period - Stopped by Spencer Knight without a rebound.
8:22 of 1st period - Noel Acciari wins face-off versus Derick Brassard in Espoo Blues zone.
8:36 of 1st period - Icing by Mike Reilly.
8:37 of 1st period - Noel Acciari wins face-off versus Derek Grant in Ste. Rose Royals zone.
8:41 of 1st period - Off-side.
8:42 of 1st period - Derek Grant wins face-off versus Noel Acciari in neutral zone.
9:30 of 1st period - Snap shot by Matthew Peca.
9:30 of 1st period - Stopped by Spencer Knight with a rebound.
9:56 of 1st period - Slapshot by Derek Grant.
9:56 of 1st period - Shot Misses the Net.
9:58 of 1st period - Slapshot by Urho Vaakanainen.
9:58 of 1st period - Stopped by Chris Driedger with a rebound.
10:00 of 1st period - Snap shot by Derek Grant.
10:00 of 1st period - Goal by Derek Grant - Ste. Rose Royals : 1 - Espoo Blues : 1.
10:01 of 1st period - Stefan Noesen wins face-off versus Noel Acciari in neutral zone.
11:05 of 1st period - Cam York is hit by Mark Borowiecki and loses puck.
11:16 of 1st period - Trevor Lewis is hit by Chad Ruhwedel and loses puck.
11:37 of 1st period - Wrist shot by Derek Grant.
11:37 of 1st period - Shot Misses the Net.
12:09 of 1st period - Icing by Cam York.
12:10 of 1st period - Matthew Peca wins face-off versus Fredrik Karlstrom in Espoo Blues zone.
12:13 of 1st period - Snap shot by Ryan Poehling.
12:13 of 1st period - Shot Blocked by Patric Hornqvist.
12:15 of 1st period - Slapshot by Ryan Poehling.
12:15 of 1st period - Shot Misses the Net.
13:07 of 1st period - Wrist shot by Brendan Lemieux.
13:07 of 1st period - Shot Misses the Net.
13:35 of 1st period - Snap shot by Brendan Perlini.
13:35 of 1st period - Shot Misses the Net.
13:50 of 1st period - Derek Ryan is hit by Anton Blidh and loses puck.
14:12 of 1st period - Wrist shot by Kaapo Kakko.
14:12 of 1st period - Stopped by Spencer Knight without a rebound.
14:13 of 1st period - Matthew Peca wins face-off versus Derek Grant in Espoo Blues zone.
14:46 of 1st period - Snap shot by Noel Acciari.
14:46 of 1st period - Stopped by Spencer Knight without a rebound.
14:47 of 1st period - Derick Brassard wins face-off versus Derek Ryan in Espoo Blues zone.
15:08 of 1st period - Minor Penalty to Mattias Samuelsson for Holding.
15:09 of 1st period - Derek Grant wins face-off versus Noel Acciari in Espoo Blues zone.
15:34 of 1st period - Michael Stone is hit by Colin Blackwell.
17:08 of 1st period - Penalty to Mattias Samuelsson is over, Mattias Samuelsson is back on ice.
17:50 of 1st period - Snap shot by Brendan Perlini.
17:50 of 1st period - Shot Misses the Net.
17:52 of 1st period - Slapshot by Mark Borowiecki.
17:52 of 1st period - Stopped by Spencer Knight with a rebound.
17:54 of 1st period - Snap shot by Kristian Vesalainen.
17:54 of 1st period - Shot Blocked by Cam York.
17:56 of 1st period - Snap shot by Matthew Peca.
17:56 of 1st period - Shot Misses the Net.
17:58 of 1st period - Slapshot by Greg Pateryn.
17:58 of 1st period - Shot Misses the Net.
18:00 of 1st period - Wrist shot by Greg Pateryn.
18:00 of 1st period - Shot Misses the Net.
18:02 of 1st period - Wrist shot by Kristian Vesalainen.
18:02 of 1st period - Shot Blocked by Cam York.
18:06 of 1st period - Wrist shot by Matthew Peca.
18:06 of 1st period - Stopped by Spencer Knight without a rebound.
18:07 of 1st period - Noel Acciari wins face-off versus Derek Grant in Espoo Blues zone.
18:41 of 1st period - Snap shot by Colin Blackwell.
18:41 of 1st period - Shot Misses the Net.
18:43 of 1st period - Slapshot by Kaapo Kakko.
18:43 of 1st period - Stopped by Spencer Knight without a rebound.
18:44 of 1st period - Derek Ryan wins face-off versus Derek Grant in Espoo Blues zone.
19:57 of 1st period - Noel Acciari is hit by Logan O'Connor and loses puck.
Goals for this period are 1 for Ste. Rose Royals vs 1 for Espoo Blues.
Shots for this period are 15 for Ste. Rose Royals vs 8 for Espoo Blues.
2nd period
0:01 of 2nd period - Derek Grant wins face-off versus Noel Acciari in neutral zone.
0:03 of 2nd period - Off-side.
0:04 of 2nd period - Noel Acciari wins face-off versus Derek Grant in neutral zone.
0:07 of 2nd period - Derek Grant is hit by Trevor Lewis and loses puck.
0:52 of 2nd period - Michael Stone is hit by Klim Kostin.
0:56 of 2nd period - Slapshot by Mattias Samuelsson.
0:56 of 2nd period - Deflect By Nathan Beaulieu.
0:56 of 2nd period - Stopped by Chris Driedger with a rebound.
0:58 of 2nd period - Slapshot by Michael Stone.
0:58 of 2nd period - Shot Blocked by Nathan Beaulieu.
1:00 of 2nd period - Slapshot by Mattias Samuelsson.
1:00 of 2nd period - Shot Blocked by Nathan Beaulieu.
1:14 of 2nd period - Snap shot by Grigori Denisenko.
1:14 of 2nd period - Goal by Grigori Denisenko - Ste. Rose Royals : 2 - Espoo Blues : 1.
1:15 of 2nd period - Brendan Lemieux wins face-off versus Noel Acciari in neutral zone.
1:47 of 2nd period - Snap shot by Derick Brassard.
1:47 of 2nd period - Stopped by Chris Driedger without a rebound.
1:48 of 2nd period - Derek Grant wins face-off versus Derek Ryan in Ste. Rose Royals zone.
1:49 of 2nd period - Slapshot by Stefan Noesen.
1:49 of 2nd period - Shot Misses the Net.
2:19 of 2nd period - Slapshot by Derick Brassard.
2:19 of 2nd period - Shot Misses the Net.
2:37 of 2nd period - Wrist shot by Ryan Poehling.
2:37 of 2nd period - Stopped by Spencer Knight with a rebound.
2:51 of 2nd period - Minor Penalty to Mike Reilly for High sticking.
2:52 of 2nd period - Noel Acciari wins face-off versus Derick Brassard in Ste. Rose Royals zone.
2:57 of 2nd period - Slapshot by Jaycob Megna.
2:57 of 2nd period - Stopped by Spencer Knight with a rebound.
4:18 of 2nd period - Joe Snively is hit by Jaycob Megna and loses puck.
4:51 of 2nd period - Penalty to Mike Reilly is over, Mike Reilly is back on ice.
5:51 of 2nd period - Minor Penalty to Anton Blidh for Holding.
5:52 of 2nd period - Noel Acciari wins face-off versus Logan O'Connor in Espoo Blues zone.
5:54 of 2nd period - Wrist shot by Noel Acciari.
5:54 of 2nd period - Shot Blocked by Cam York.
7:04 of 2nd period - Off-side.
7:05 of 2nd period - Derick Brassard wins face-off versus Noel Acciari in neutral zone.
7:14 of 2nd period - Snap shot by Joel Armia.
7:14 of 2nd period - Shot Blocked by Chad Ruhwedel.
7:16 of 2nd period - Slapshot by Mike Reilly.
7:16 of 2nd period - Goal by Mike Reilly - Ste. Rose Royals : 3 - Espoo Blues : 1.
7:17 of 2nd period - Noel Acciari wins face-off versus Derek Grant in neutral zone.
7:20 of 2nd period - Stefan Noesen is hit by Noel Acciari.
7:24 of 2nd period - Jaycob Megna is hit by Brendan Lemieux and loses puck.
7:43 of 2nd period - Jaycob Megna is hit by Mattias Samuelsson and loses puck.
7:54 of 2nd period - Jaycob Megna is hit by Logan O'Connor and loses puck.
8:17 of 2nd period - Mike Reilly is hit by Fredrik Karlstrom and loses puck.
10:09 of 2nd period - Snap shot by Joel Armia.
10:09 of 2nd period - Shot Misses the Net.
10:25 of 2nd period - Matthew Peca is hit by Fredrik Karlstrom and loses puck.
10:44 of 2nd period - Mark Borowiecki is hit by Derick Brassard and loses puck.
10:55 of 2nd period - Greg Pateryn is hit by Brendan Lemieux.
11:07 of 2nd period - Joel Hanley is hit by Patric Hornqvist and loses puck.
12:27 of 2nd period - Nathan Beaulieu is hit by Anton Blidh and loses puck.
12:38 of 2nd period - Wrist shot by Derick Brassard.
12:38 of 2nd period - Stopped by Chris Driedger with a rebound.
12:40 of 2nd period - Slapshot by Cam York.
12:40 of 2nd period - Shot Blocked by Joel Hanley.
13:21 of 2nd period - Slapshot by Patric Hornqvist.
13:21 of 2nd period - Stopped by Chris Driedger with a rebound.
15:02 of 2nd period - Noel Acciari is hit by Brendan Lemieux and loses puck.
16:26 of 2nd period - Slapshot by Cam York.
16:26 of 2nd period - Deflect By Stefan Noesen.
16:26 of 2nd period - Shot Blocked by Mike Reilly.
16:26 of 2nd period - Puck is out of play.
16:27 of 2nd period - Viktor Lodin wins face-off versus Derek Ryan in Ste. Rose Royals zone.
16:28 of 2nd period - Slapshot by Cam York.
16:28 of 2nd period - Shot Blocked by Greg Pateryn.
16:34 of 2nd period - Ridly Greig is hit by Mark Borowiecki and loses puck.
16:45 of 2nd period - Matthew Peca is hit by Derick Brassard.
16:55 of 2nd period - Wrist shot by Derick Brassard.
16:55 of 2nd period - Shot Misses the Net.
17:01 of 2nd period - Wrist shot by Joel Armia.
17:01 of 2nd period - Shot Blocked by Urho Vaakanainen.
17:44 of 2nd period - Wrist shot by Ryan Poehling.
17:44 of 2nd period - Stopped by Spencer Knight with a rebound.
17:56 of 2nd period - Wrist shot by Brendan Perlini.
17:56 of 2nd period - Deflect By Fredrik Karlstrom.
17:56 of 2nd period - Stopped by Spencer Knight with a rebound.
18:22 of 2nd period - Derick Brassard is hit by Noel Acciari and loses puck.
18:35 of 2nd period - Snap shot by Derek Ryan.
18:35 of 2nd period - Deflect By Colin Blackwell.
18:35 of 2nd period - Shot Misses the Net.
18:35 of 2nd period - Puck is out of play.
18:36 of 2nd period - Derek Ryan wins face-off versus Fredrik Karlstrom in Espoo Blues zone.
18:39 of 2nd period - Snap shot by Derek Ryan.
18:39 of 2nd period - Goal by Derek Ryan - Ste. Rose Royals : 4 - Espoo Blues : 1.
18:40 of 2nd period - Derek Grant wins face-off versus Noel Acciari in neutral zone.
18:55 of 2nd period - Wrist shot by Brendan Lemieux.
18:55 of 2nd period - Stopped by Chris Driedger with a rebound.
19:14 of 2nd period - Noel Acciari is hit by Stefan Noesen and loses puck.
19:21 of 2nd period - Snap shot by Jaycob Megna.
19:21 of 2nd period - Shot Misses the Net.
19:23 of 2nd period - Wrist shot by Trevor Lewis.
19:23 of 2nd period - Stopped by Spencer Knight without a rebound.
19:24 of 2nd period - Derek Ryan wins face-off versus Logan O'Connor in Espoo Blues zone.
19:49 of 2nd period - Greg Pateryn is hit by Anton Blidh and loses puck.
Goals for this period are 3 for Ste. Rose Royals vs 0 for Espoo Blues.
Shots for this period are 8 for Ste. Rose Royals vs 5 for Espoo Blues.
3rd period
0:01 of 3rd period - Noel Acciari wins face-off versus Joe Snively in neutral zone.
0:04 of 3rd period - Wrist shot by Joel Armia.
0:04 of 3rd period - Stopped by Spencer Knight with a rebound.
0:06 of 3rd period - Wrist shot by Mike Reilly.
0:06 of 3rd period - Deflect By Joel Armia.
0:06 of 3rd period - Stopped by Spencer Knight with a rebound.
0:08 of 3rd period - Slapshot by Trevor Lewis.
0:08 of 3rd period - Stopped by Spencer Knight with a rebound.
0:10 of 3rd period - Snap shot by Mike Reilly.
0:10 of 3rd period - Deflect By Noel Acciari.
0:10 of 3rd period - Shot Blocked by Logan O'Connor.
0:10 of 3rd period - Puck is out of play.
0:11 of 3rd period - Noel Acciari wins face-off versus Derek Grant in Espoo Blues zone.
0:47 of 3rd period - Snap shot by Derick Brassard.
0:47 of 3rd period - Stopped by Chris Driedger without a rebound.
0:48 of 3rd period - Brendan Lemieux wins face-off versus Derek Ryan in Ste. Rose Royals zone.
0:49 of 3rd period - Snap shot by Stefan Noesen.
0:49 of 3rd period - Shot Blocked by Greg Pateryn.
1:26 of 3rd period - Derick Brassard is hit by Mark Borowiecki and loses puck.
1:37 of 3rd period - Snap shot by Noel Acciari.
1:37 of 3rd period - Stopped by Spencer Knight with a rebound.
1:39 of 3rd period - Snap shot by Joel Armia.
1:39 of 3rd period - Shot Blocked by Mattias Samuelsson.
1:57 of 3rd period - Michael Stone is hit by Mike Reilly and loses puck.
2:24 of 3rd period - Minor Penalty to Mattias Samuelsson for Cross-checking.
2:25 of 3rd period - Noel Acciari wins face-off versus Derek Grant in Espoo Blues zone.
2:50 of 3rd period - Derek Grant is hit by Jaycob Megna and loses puck.
2:59 of 3rd period - Wrist shot by Kaapo Kakko.
2:59 of 3rd period - Shot Misses the Net.
4:24 of 3rd period - Penalty to Mattias Samuelsson is over, Mattias Samuelsson is back on ice.
4:48 of 3rd period - Matthew Peca is hit by Patric Hornqvist and loses puck.
5:37 of 3rd period - Snap shot by Grigori Denisenko.
5:37 of 3rd period - Shot Misses the Net.
6:59 of 3rd period - Slapshot by Chad Ruhwedel.
6:59 of 3rd period - Deflect By Patric Hornqvist.
6:59 of 3rd period - Shot Blocked by Trevor Lewis.
6:59 of 3rd period - Puck is out of play.
7:00 of 3rd period - Kristian Vesalainen wins face-off versus Fredrik Karlstrom in Ste. Rose Royals zone.
7:00 of 3rd period - Kristian Vesalainen is hit by Fredrik Karlstrom.
7:05 of 3rd period - Off-side.
7:06 of 3rd period - Fredrik Karlstrom wins face-off versus Trevor Lewis in neutral zone.
7:19 of 3rd period - Snap shot by Joel Armia.
7:19 of 3rd period - Shot Blocked by Michael Stone.
7:21 of 3rd period - Snap shot by Kristian Vesalainen.
7:21 of 3rd period - Stopped by Spencer Knight with a rebound.
7:23 of 3rd period - Wrist shot by Greg Pateryn.
7:23 of 3rd period - Shot Misses the Net.
7:25 of 3rd period - Wrist shot by Trevor Lewis.
7:25 of 3rd period - Stopped by Spencer Knight without a rebound.
7:26 of 3rd period - Derek Grant wins face-off versus Derek Ryan in Espoo Blues zone.
7:57 of 3rd period - Slapshot by Logan O'Connor.
7:57 of 3rd period - Stopped by Chris Driedger with a rebound.
7:59 of 3rd period - Slapshot by Chad Ruhwedel.
7:59 of 3rd period - Shot Misses the Net.
8:01 of 3rd period - Slapshot by Chad Ruhwedel.
8:01 of 3rd period - Shot Misses the Net.
8:03 of 3rd period - Wrist shot by Joe Snively.
8:03 of 3rd period - Deflect By Noel Acciari.
8:03 of 3rd period - Shot Misses the Net.
8:03 of 3rd period - Puck is out of play.
8:04 of 3rd period - Noel Acciari wins face-off versus Derick Brassard in Ste. Rose Royals zone.
8:04 of 3rd period - Noel Acciari is hit by Michael Stone.
8:19 of 3rd period - Icing by Greg Pateryn.
8:20 of 3rd period - Noel Acciari wins face-off versus Derek Grant in Ste. Rose Royals zone.
8:33 of 3rd period - Snap shot by Joel Armia.
8:33 of 3rd period - Shot Blocked by Stefan Noesen.
8:35 of 3rd period - Wrist shot by Noel Acciari.
8:35 of 3rd period - Shot Misses the Net.
8:37 of 3rd period - Backhand shot by Joel Armia.
8:37 of 3rd period - Deflect By Trevor Lewis.
8:37 of 3rd period - Stopped by Spencer Knight without a rebound.
8:38 of 3rd period - Derick Brassard wins face-off versus Derek Ryan in Espoo Blues zone.
9:03 of 3rd period - Mike Reilly is hit by Patric Hornqvist.
9:34 of 3rd period - Wrist shot by Kaapo Kakko.
9:34 of 3rd period - Shot Misses the Net.
9:36 of 3rd period - Slapshot by Mark Borowiecki.
9:36 of 3rd period - Shot Misses the Net.
9:38 of 3rd period - Slapshot by Kaapo Kakko.
9:38 of 3rd period - Deflect By Michael Stone.
9:38 of 3rd period - Shot Blocked by Derek Grant.
9:38 of 3rd period - Puck is out of play.
9:39 of 3rd period - Joe Snively wins face-off versus Trevor Lewis in Espoo Blues zone.
9:41 of 3rd period - Minor Penalty to Derick Brassard for Hooking.
9:42 of 3rd period - Derek Grant wins face-off versus Noel Acciari in Espoo Blues zone.
10:22 of 3rd period - Slapshot by Mike Reilly.
10:22 of 3rd period - Deflect By Joel Armia.
10:22 of 3rd period - Shot Blocked by Mattias Janmark.
10:22 of 3rd period - Puck is out of play.
10:23 of 3rd period - Mattias Janmark wins face-off versus Derek Ryan in Espoo Blues zone.
10:23 of 3rd period - Mattias Janmark is hit by Mark Borowiecki.
11:41 of 3rd period - Penalty to Derick Brassard is over, Derick Brassard is back on ice.
11:56 of 3rd period - Ridly Greig is hit by Greg Pateryn and loses puck.
12:52 of 3rd period - Ridly Greig is hit by Klim Kostin and loses puck.
13:22 of 3rd period - Michael Stone is hit by Brendan Perlini and loses puck.
13:35 of 3rd period - Jaycob Megna is hit by Brendan Lemieux and loses puck.
13:57 of 3rd period - Off-side.
13:58 of 3rd period - Derek Ryan wins face-off versus Viktor Lodin in neutral zone.
14:33 of 3rd period - Nathan Beaulieu is hit by Patric Hornqvist and loses puck.
15:59 of 3rd period - Slapshot by Noel Acciari.
15:59 of 3rd period - Shot Blocked by Logan O'Connor.
16:15 of 3rd period - Snap shot by Anton Blidh.
16:15 of 3rd period - Shot Blocked by Mike Reilly.
16:48 of 3rd period - Snap shot by Matthew Peca.
16:48 of 3rd period - Stopped by Spencer Knight without a rebound.
16:49 of 3rd period - Fredrik Karlstrom wins face-off versus Kristian Vesalainen in Espoo Blues zone.
17:04 of 3rd period - Snap shot by Trevor Lewis.
17:04 of 3rd period - Stopped by Spencer Knight with a rebound.
17:18 of 3rd period - Snap shot by Derick Brassard.
17:18 of 3rd period - Stopped by Chris Driedger with a rebound.
17:20 of 3rd period - Wrist shot by Logan O'Connor.
17:20 of 3rd period - Stopped by Chris Driedger without a rebound.
17:21 of 3rd period - Noel Acciari wins face-off versus Derick Brassard in Ste. Rose Royals zone.
17:30 of 3rd period - Snap shot by Logan O'Connor.
17:30 of 3rd period - Stopped by Chris Driedger with a rebound.
17:32 of 3rd period - Slapshot by Logan O'Connor.
17:32 of 3rd period - Deflect By Derick Brassard.
17:32 of 3rd period - Shot Misses the Net.
17:32 of 3rd period - Puck is out of play.
17:33 of 3rd period - Derek Grant wins face-off versus Noel Acciari in Ste. Rose Royals zone.
17:34 of 3rd period - Wrist shot by Brendan Lemieux.
17:34 of 3rd period - Stopped by Chris Driedger without a rebound.
17:35 of 3rd period - Derek Grant wins face-off versus Noel Acciari in Ste. Rose Royals zone.
18:03 of 3rd period - Icing by Derek Ryan.
18:04 of 3rd period - Derick Brassard wins face-off versus Derek Ryan in Ste. Rose Royals zone.
18:05 of 3rd period - Slapshot by Logan O'Connor.
18:05 of 3rd period - Shot Blocked by Jaycob Megna.
18:07 of 3rd period - Slapshot by Chad Ruhwedel.
18:07 of 3rd period - Stopped by Chris Driedger with a rebound.
18:09 of 3rd period - Slapshot by Derick Brassard.
18:09 of 3rd period - Stopped by Chris Driedger with a rebound.
18:36 of 3rd period - Slapshot by Greg Pateryn.
18:36 of 3rd period - Shot Blocked by Cam York.
18:48 of 3rd period - Backhand shot by Derick Brassard.
18:48 of 3rd period - Shot Blocked by Mark Borowiecki.
18:50 of 3rd period - Wrist shot by Joe Snively.
18:50 of 3rd period - Shot Blocked by Derek Ryan.
18:58 of 3rd period - Wrist shot by Derick Brassard.
18:58 of 3rd period - Stopped by Chris Driedger without a rebound.
18:59 of 3rd period - Noel Acciari wins face-off versus Derek Grant in Ste. Rose Royals zone.
19:24 of 3rd period - Noel Acciari is hit by Mattias Samuelsson.
19:34 of 3rd period - Slapshot by Anton Blidh.
19:34 of 3rd period - Shot Misses the Net.
19:55 of 3rd period - Snap shot by Matthew Peca.
19:55 of 3rd period - Stopped by Spencer Knight with a rebound.
Goals for this period are 0 for Ste. Rose Royals vs 0 for Espoo Blues.
Shots for this period are 10 for Ste. Rose Royals vs 9 for Espoo Blues.
Back to the Top